 Dungeon Crawl Stone Soup version 0.27-a0-668-gb5737ff2c0 (webtiles) character file.

Game seed: 5628792517791550948

57 night the Grasshopper (level 4, -1/38 HPs)
             Began as a Gnoll Warper on Mar 17, 2021.
             Slain by a gnoll
             ... wielding a +1 spear of venom
              (11 damage)
             ... on level 2 of the Dungeon.
             The game lasted 00:06:47 (2876 turns).

night the Grasshopper (Gnoll Warper)                Turns: 2876, Time: 00:06:47

Health: -1/38      AC:  4    Str: 11    XL:     4   Next: 0%
Magic:  8/11       EV: 12    Int: 13    God:
Gold:   82         SH:  0    Dex: 11    Spells: 3/13 levels left

rFire    . . .     SeeInvis .   a - +0 hand axe
rCold    . . .     Faith    .   (no shield)
rNeg     . . .     Spirit   .   b - +1 leather armour
rPois    .         Reflect  .   (no helmet)
rElec    .         Harm     .   (no cloak)
rCorr    .         Rampage  .   (no gloves)
Will     .....                  (no boots)
Stlth    +.........             (no amulet)
HPRegen  0.12/turn              (no ring)
MPRegen  0.12/turn              (no ring)

@: lethally poisoned (-1 -> -2)
A: fangs 1, strong nose, distributed training
a: no special abilities


You were on level 2 of the Dungeon.
You visited 1 branch of the dungeon, and saw 2 of its levels.

You collected 82 gold pieces.

Inventory:

Hand Weapons
 a - a +0 hand axe (weapon)
Missiles
 e - 7 boomerangs of dispersal
 g - 28 stones (quivered)
 k - 15 sling bullets
Armour
 b - a +1 leather armour (worn)
 h - a +0 scale mail
Scrolls
 c - a scroll of vulnerability
 f - a scroll of fear
 i - a scroll of teleportation {unknown}
 j - a scroll of identify
Potions
 d - a potion of flight {unknown}


   Skills:
 + Level 4.6 Fighting
 + Level 1.0 Short Blades
 + Level 1.0 Long Blades
 + Level 4.6 Axes
 + Level 1.0 Maces & Flails
 + Level 1.0 Polearms
 + Level 1.0 Staves
 + Level 1.0 Slings
 + Level 1.0 Bows
 + Level 1.0 Crossbows
 + Level 2.7 Throwing
 + Level 2.7 Armour
 + Level 4.6 Dodging
 + Level 1.0 Stealth
 + Level 1.0 Shields
 + Level 1.0 Unarmed Combat
 + Level 5.0 Spellcasting
 + Level 0.7 Conjurations
 + Level 0.7 Hexes
 + Level 0.7 Summonings
 + Level 0.7 Necromancy
 + Level 5.4 Translocations
 + Level 0.7 Transmutations
 + Level 0.7 Fire Magic
 + Level 0.7 Ice Magic
 + Level 0.7 Air Magic
 + Level 0.7 Earth Magic
 + Level 0.7 Poison Magic
 + Level 1.1 Invocations
 + Level 1.0 Evocations


You had 3 spell levels left.
You knew the following spells:

 Your Spells              Type           Power      Damage    Failure   Level
a - Magic Dart            Conj           20%        1d4       17%         1
b - Teleport Other        Tloc           17%        N/A       8%          3
c - Blink                 Tloc           N/A        N/A       3%          2
d - Manifold Assault      Tloc           17%        N/A       26%         4

Your spell library contained the following spells:

 Spells                   Type           Power      Damage    Failure   Level
 Apportation              Tloc           34%        N/A       2%          1
 Gell's Gravitas          Tloc           8%         N/A       8%          3
 Lesser Beckoning         Tloc           8%         N/A       8%          3
 Animate Skeleton         Necr           10%        N/A       17%         1
 Corona                   Hex            5%         N/A       17%         1
 Summon Small Mammal      Summ           20%        N/A       17%         1
 Call Imp                 Summ           5%         N/A       26%         2
 Slow                     Hex            5%         N/A       26%         2
 Confusing Touch          Hex            5%         N/A       45%         3
 Conjure Flame            Conj/Fire      5%         6-21      45%         3
 Mephitic Cloud           Conj/Pois/Air  5%         N/A       45%         3
 Petrify                  Tmut/Erth      5%         N/A       86%         4
 Metabolic Englaciation   Hex/Ice        2%         N/A       99%         5
 Yara's Violent Unravell  Hex/Tmut       2%         3d3       99%         5


Dungeon Overview and Level Annotations

Branches:
Dungeon (2/15)

Altars:

Annotations:
D:2 Sigmund, Terence


Innate Abilities, Weirdness & Mutations

You have very sharp teeth.
Your uncanny sense of smell can sniff out nearby items.
Your experience applies equally to all skills.


Message History

Confirm with . or Enter, or press ? or * to list all spells.
The spell is extremely dangerous to cast (26% risk of failure)!
Continue anyway?
Space momentarily warps into an impossible shape!
You hit the gnoll. You closely miss the jackal.
The jackal bites you but does no damage.
The gnoll hits you from afar with a +1 spear of venom.
You are poisoned.
You closely miss the jackal.
You feel sick. The jackal bites you. x2
The gnoll hits you from afar with a +1 spear of venom.
You are more poisoned.
You feel sick.
You feel sick.
The jackal bites you but does no damage.
You feel sick.
You feel sick.
The jackal bites you but does no damage.
You feel sick.
You feel sick. The jackal completely misses you.
You feel sick.
You see here a +0 whip.
You feel sick. The jackal closely misses you.
You feel sick. The jackal closely misses you.
You feel sick. The jackal closely misses you.
You feel sick.
There is an open door here.
The jackal barely misses you.
You feel sick.
You feel sick. The jackal bites you. The jackal completely misses you.
You feel sick.
There is an open door here.
Casting: Manifold Assault (extremely dangerous; 26% risk of failure)
Confirm with . or Enter, or press ? or * to list all spells.
You blink.
You feel sick. The jackal bites you.
* * * LOW HITPOINT WARNING * * *
The gnoll closely misses you.
The jackal bites you but does no damage.
The gnoll hits you with a +1 spear of venom!
You die...

#........# #.######.# #.#....#.#
#.#.##.#.#################
#.#................O.h...#
#.#....#.###############.#
#.#....#.####........###.#######
#.####.#....'..g.....'......)...
#......#.####hh@.....###.#######
########.# #.................#
#.# #............####.#
##.############....# #.#
#........# #....# #.#
#........######....####.##
#.>.......................
#........#################
##########


You could see a gnoll and 2 jackals.

Vanquished Creatures
  An adder (D:2)
  A worm (D:1)
  2 dart slugs (D:2)
  3 bats
  A giant cockroach (D:1)
  2 goblins (D:1)
  5 hobgoblins
  3 jackals
  5 quokkas
  3 frilled lizards
  7 kobolds
  6 rats
39 creatures vanquished.

Notes
Turn   | Place    | Note
-------+----------+-------------------------------------------
     0 | D:1      | night the Gnoll Warper began the quest for the Orb.
     0 | D:1      | Reached XP level 1. HP: 20/20 MP: 6/6
   367 | D:1      | Reached XP level 2. HP: 24/26 MP: 7/7
  1065 | D:1      | You fall into a shaft and drop 1 floor!
  1129 | D:2      | Reached skill level 5 in Spellcasting
  1129 | D:2      | Reached XP level 3. HP: 29/31 MP: 7/9
  1172 | D:2      | HP: 3/31 [kobold/+0 whip (2)]
  1642 | D:2      | Noticed an ogre
  1710 | D:2      | Noticed Terence
  1724 | D:2      | Reached skill level 1 in Invocations
  2022 | D:1      | Learned a level 2 spell: Blink
  2026 | D:1      | Learned a level 3 spell: Teleport Other
  2028 | D:1      | Learned a level 1 spell: Magic Dart
  2523 | D:2      | Found a faded altar of an unknown god.
  2539 | D:2      | Reached skill level 1 in Short Blades
  2539 | D:2      | Reached skill level 1 in Long Blades
  2539 | D:2      | Reached skill level 1 in Maces & Flails
  2539 | D:2      | Reached skill level 1 in Polearms
  2539 | D:2      | Reached skill level 1 in Staves
  2539 | D:2      | Reached skill level 1 in Slings
  2539 | D:2      | Reached skill level 1 in Bows
  2539 | D:2      | Reached skill level 1 in Crossbows
  2539 | D:2      | Reached skill level 1 in Stealth
  2539 | D:2      | Reached skill level 1 in Shields
  2539 | D:2      | Reached skill level 1 in Unarmed Combat
  2539 | D:2      | Reached skill level 1 in Evocations
  2543 | D:2      | Noticed Sigmund
  2823 | D:2      | Reached XP level 4. HP: 38/38 MP: 11/11
  2828 | D:2      | Learned a level 4 spell: Manifold Assault
  2876 | D:2      | Slain by a gnoll

Illustrated notes

Levels and vault maps discovered:
D:1:      eino_arrival_druids_welcome, layout_basic, hangedman_decor_growths
D:2:      layout_basic, chequers_ecumenical_altar_simple,
          minmay_small_reverse_x, uniq_terence, uniq_sigmund

Skill      XL: |  1  2  3 |
---------------+----------+-----
Spellcasting   | 5 |  5.0
Invocations    | 1 |  1.1
Short Blades   | 1 |  1.0
Long Blades    | 1 |  1.0
Maces & Flails | 1 |  1.0
Polearms       | 1 |  1.0
Staves         | 1 |  1.0
Slings         | 1 |  1.0
Bows           | 1 |  1.0
Crossbows      | 1 |  1.0
Stealth        | 1 |  1.0
Shields        | 1 |  1.0
Unarmed Combat | 1 |  1.0
Evocations     | 1 |  1.0
Fighting       | |  4.6
Axes           | |  4.6
Throwing       | |  2.7
Armour         | |  2.7
Dodging        | |  4.6
Conjurations   | |  0.7
Hexes          | |  0.7
Summonings     | |  0.7
Necromancy     | |  0.7
Translocations | |  5.4
Transmutations | |  0.7
Fire Magic     | |  0.7
Ice Magic      | |  0.7
Air Magic      | |  0.7
Earth Magic    | |  0.7
Poison Magic   | |  0.7

Action                   |  1- 3 |  4- 6 || total
-------------------------+-------+-------++-------
Melee: Hand axe          |   125 |     5 ||   130
       Bite              |    10 |       ||    10
Throw: Stone             |     6 |       ||     6
 Cast: Magic Dart        |     8 |       ||     8
       Teleport Other    |     2 |       ||     2
       Blink             |       |     1 ||     1
       Manifold Assault  |       |     1 ||     1
  Use: Scroll            |     4 |       ||     4
Armor: Leather armour    |    28 |     6 ||    34
Dodge: Dodged            |    99 |    15 ||   114

Table legend: (Time is in decaauts)
 A = Elapsed time spent in this place.
 B = Non-inter-level travel time spent in this place.
 C = Inter-level travel time spent in this place.
 D = Time resting spent in this place.
 E = Time spent auto-exploring this place.
 F = Levels seen in this place.
 G = Mean time per level.
                   A        B        C        D        E       F      G
               +--------+--------+--------+--------+--------+-----+--------+
         Total |   2887 |   2840 |     47 |    927 |   1345 |   2 | 1443.5 |
       Dungeon |   2887 |   2840 |     47 |    927 |   1345 |   2 | 1443.5 |
               +--------+--------+--------+--------+--------+-----+--------+

Top non-repeatable levels by time:
     D:1: 1658 daAuts
     D:2: 1229 daAuts
